 Dungeon Crawl Stone Soup version 0.30-a0-715-gdb4ae3ece1 (webtiles) character file.

Game seed: 12021462086489200620

11989 drugrobin the Black Belt (level 11, -2/84 HPs)
             Began as a Demigod Delver on Jan 23, 2023.
             Slain by a wraith (13 damage)
             ... led by Josephine
             ... on level 10 of the Dungeon.
             The game lasted 00:33:18 (9333 turns).

drugrobin the Black Belt (Demigod Delver)           Turns: 9333, Time: 00:33:19

Health: -2/84      AC: 15    Str: 30    XL:     11   Next: 31%
Magic:  14/14      EV: 11    Int: 22    God:
Gold:   357        SH:  0    Dex: 19    Spells: 4/10 levels left

rFire   . . .      SeeInvis .      - Unarmed
rCold   . . .      Faith    .    (no shield)
rNeg    . . .      Spirit   .    E - +6 scale mail of Dyspraxia {Drain Str+7 Int+6 Stlth+}
rPois   .          Reflect  .    K - +1 helmet
rElec   .          Harm     +    p - scarf {harm}
rCorr   .          Rampage  .    (no gloves)
Will    +....                    M - +0 pair of boots
Stlth   +++                      r - amulet of the acrobat
HPRegen 0.34/turn                m - +6 ring of strength
MPRegen 0.14/turn                (no ring)

@: slowed, very slow
A: high MP 1, forlorn, divine attributes
a: no special abilities


You were on level 10 of the Dungeon.
You visited 1 branch of the dungeon, and saw 10 of its levels.

You collected 541 gold pieces.
You spent 184 gold pieces at shops.

Inventory:

Hand Weapons
 b - a +1 arbalest of freezing
 H - a +1 short sword of venom
 L - a +4 scimitar of flaming
 U - a +1 sling of freezing
Missiles
 u - 27 poisoned darts
 x - 3 boomerangs (quivered)
 C - 4 datura-tipped darts
Armour
 g - a scarf of resistance
 p - a scarf of harm (worn)
 E - the +6 scale mail of Dyspraxia (worn) {Drain Str+7 Int+6 Stlth+}
   (You found it on level 5 of the Dungeon)

   Str:       It affects your strength (+7).
   Int:       It affects your intelligence (+6).
   Drain:     It drains your maximum health when unequipped.
   Stlth:     It makes you more stealthy.
 J - a +0 robe of cold resistance
 K - a +1 helmet (worn)
 M - a +0 pair of boots (worn)
 T - a +3 troll leather armour {Snorg}
Magical Staves
 k - a staff of poison
Jewellery
 m - a +6 ring of strength (left hand)
 r - an amulet of the acrobat (around neck)
Wands
 d - a wand of paralysis (6)
 f - a wand of digging (7)
 j - a wand of flame (2)
 A - a wand of acid (1)
Scrolls
 a - 2 scrolls of magic mapping
 h - 3 scrolls of silence {unknown}
 i - 4 scrolls of identify
 n - 4 scrolls of fog
 q - a scroll of torment
 t - 2 scrolls of immolation
 w - a scroll of enchant weapon
 y - 2 scrolls of vulnerability {unknown}
 F - 3 scrolls of enchant armour {unknown}
 G - 4 scrolls of teleportation
 I - a scroll of blinking
 N - a scroll of fear
 S - a scroll of poison {unknown}
Potions
 e - 2 potions of haste
 o - 2 potions of curing
 s - 4 potions of mutation {unknown}
 z - a potion of lignification {unknown}
 B - 5 potions of degeneration {unknown}
 D - 2 potions of heal wounds
 P - a potion of magic {unknown}
Miscellaneous
 Q - a phantom mirror (inert)


   Skills:
 + Level 4.0 Fighting
 - Level 1.8 Dodging
 - Level 4.5 Stealth
 * Level 16.5 Unarmed Combat


You had 4 spell levels left.
You knew the following spells:

 Your Spells              Type           Power      Damage    Failure   Level
a - Call Imp              Summ           0%         N/A       47%         2
b - Summon Small Mammal   Summ           0%         N/A       34%         1
c - Mephitic Cloud        Conj/Pois/Air  0%         N/A       71%         3

Your spell library contained the following spells:

 Spells                   Type           Power      Damage    Failure   Level
 Apportation              Tloc           0%         N/A       34%         1
 Magic Dart               Conj           0%         1d3       34%         1
 Necrotise                Necr           0%         1d4       34%         1


Dungeon Overview and Level Annotations

Branches:
Dungeon (10/15)            Temple (0/1) D:6            Lair (0/5) D:10
    Orc (0/2) D:10

Shops:
D:6 *

Annotations:
D:8 Gastronok


Innate Abilities, Weirdness & Mutations

You have an increased reservoir of magic. (+10% MP)
You shall have no god before yourself.
Your divine heritage dramatically boosts your attributes as you level up.


Message History

Unknown command.
Unknown command.
Unknown command.
You punch the wraith!
The wraith is heavily damaged.
The wraith hits you but does no damage.
You barely miss the wraith.
The wraith is heavily damaged.
You punch the wraith! Your punch misses the wraith.
The wraith is almost destroyed.
The wraith hits you.
* * * LOW HITPOINT WARNING * * *
The wraith drains your vigour!
You feel yourself slow down.
You hit the wraith.
You destroy the wraith!
You hit the wraith.
The wraith is lightly damaged.
The wraith misses you.
You barely miss the wraith.
The wraith is lightly damaged.
The wraith barely misses you.
You punch the wraith! x2
The wraith is heavily damaged.
The wraith closely misses you.
You closely miss the wraith.
The wraith is heavily damaged.
The wraith hits you!
* * * LOW HITPOINT WARNING * * *
You punch the wraith!
The wraith is almost destroyed.
The wraith hits you.
* * * LOW HITPOINT WARNING * * *
The wraith drains your vigour!
You feel as though you will be slow longer.
Unknown command.
Unknown command.
You hit the wraith but do no damage.
The wraith is almost destroyed.
The wraith hits you!
You die...

#.# . #.# #.# # #.#
#.#.#############
###.#...........))#
#(....###########)#
##....)#### #.#
........@W.# #.#@.#
.##.....##.# #.#..#
#.....##.# #.#..#
###.####W# #.#..# #.
#.# #.#..# . #. #.#
#.#..# ..
#.########†#..#
..##.####.............#
.....................#


You could see a wraith.

Vanquished Creatures
  Snorg (D:10)
  Josephine (D:10)
  Harold (D:9)
  2 two-headed ogres
  Erica (D:9)
  Amaemon (D:7)
  Pikel (D:8)
  Maurice (D:10)
  Joseph (D:8)
  An orange demon (D:8)
  A gargoyle (D:8)
  Psyche (D:8)
  2 komodo dragons
  A troll (D:8)
  A slime creature (D:8)
  2 wraiths (D:10)
  A steam dragon (D:8)
  10 yaks
  A water moccasin (D:6)
  An acid dragon (D:10)
  3 ice beasts
  An orc warrior (D:10)
  A black bear (D:4)
  2 sky beasts
  A centaur (D:7)
  A lemure (D:8)
  2 ogres (D:5)
  2 phantoms (D:5)
  3 kobold brigands
  3 bullfrogs
  4 scorpions
  3 wights (D:6)
  4 howler monkeys
  An electric eel (D:8)
  4 hounds
  6 orc priests
  3 jellies
  2 iguanas
  9 orc wizards
  10 adders
  3 gnolls
  A shadow imp (D:6)
  A white imp (D:7)
  3 worms
  A dart slug (D:1)
  29 orcs
  8 ball pythons
  6 bats
  11 endoplasms
  7 giant cockroaches
  7 goblins
  8 hobgoblins
  3 jackals (D:1)
  2 quokkas
  4 frilled lizards
  21 kobolds
  3 rats
215 creatures vanquished.

Vanquished Creatures (collateral kills)
  A hornet (D:9)
  2 orcs (D:3)
  A bat (D:3)
  A goblin (D:3)
  A rat (D:3)
6 creatures vanquished.

Vanquished Creatures (others)
  A lemure (D:8)
  2 orcs (D:8)
3 creatures vanquished.

Grand Total: 224 creatures vanquished

Notes
Turn   | Place    | Note
-------+----------+-------------------------------------------
     0 | D:5      | drugrobin the Demigod Delver began the quest for the Orb.
     0 | D:5      | Reached XP level 1. HP: 18/18 MP: 3/3
    58 | D:3      | Noticed a hound
   107 | D:3      | Reached skill level 2 in Unarmed Combat
   107 | D:3      | Reached XP level 2. HP: 7/25 MP: 4/4
   441 | D:1      | Reached skill level 3 in Unarmed Combat
   569 | D:1      | Noticed an anaconda
   582 | D:1      | Noticed a death yak
   799 | D:1      | Reached XP level 3. HP: 30/30 MP: 5/5
  1640 | D:3      | Reached skill level 4 in Unarmed Combat
  1690 | D:3      | Reached XP level 4. HP: 30/37 MP: 6/6
  1693 | D:3      | Learned a level 2 spell: Call Imp
  1748 | D:3      | Learned a level 1 spell: Summon Small Mammal
  1868 | D:3      | Reached skill level 5 in Unarmed Combat
  1868 | D:3      | Reached XP level 5. HP: 37/42 MP: 2/7
  2313 | D:4      | Reached skill level 6 in Unarmed Combat
  2313 | D:4      | Reached XP level 6. HP: 42/50 MP: 8/8
  3297 | D:4      | Reached skill level 7 in Unarmed Combat
  3384 | D:5      | Reached XP level 7. HP: 36/56 MP: 9/9
  3535 | D:5      | Reached skill level 8 in Unarmed Combat
  3859 | D:5      | Identified the +6 scale mail of Dyspraxia {Drain Str+7
                  | Int+6 Stlth+}
  4469 | D:5      | Reached skill level 9 in Unarmed Combat
  4663 | D:6      | Reached XP level 8. HP: 59/62 MP: 10/10
  4865 | D:6      | Found Eduuck's Assorted Antiques.
  4874 | D:6      | Bought a scroll labelled BEAZECVOORE for 23 gold pieces
  4874 | D:6      | Bought a scroll labelled IDYPRODEGG for 23 gold pieces
  4874 | D:6      | Bought a runed short sword for 138 gold pieces
  4889 | D:6      | Found a staircase to the Ecumenical Temple.
  5378 | D:7      | Reached skill level 10 in Unarmed Combat
  5611 | D:7      | Upgraded the game from 0.30-a0-711-gf4ac18a38d to
                  | 0.30-a0-715-gdb4ae3ece1
  5858 | D:7      | Reached skill level 11 in Unarmed Combat
  6176 | D:8      | Noticed Amaemon
  6238 | D:8      | Noticed Joseph
  6331 | D:8      | Noticed an orange demon
  6359 | D:8      | Noticed a gargoyle
  6376 | D:7      | Paralysed by Amaemon for 5 turns
  6393 | D:7      | Killed Amaemon
  6394 | D:7      | Reached skill level 12 in Unarmed Combat
  6394 | D:7      | Reached XP level 9. HP: 20/68 MP: 11/11
  6715 | D:8      | Killed an orange demon
  6848 | D:8      | Noticed Pikel
  6889 | D:8      | Noticed Psyche
  6941 | D:8      | Killed Psyche
  6942 | D:8      | Killed Pikel
  6943 | D:8      | Reached skill level 13 in Unarmed Combat
  6966 | D:8      | Killed Joseph
  7055 | D:8      | Noticed a komodo dragon
  7070 | D:8      | Noticed a gargoyle
  7091 | D:8      | Killed a gargoyle
  7092 | D:8      | Reached XP level 10. HP: 54/74 MP: 13/13
  7176 | D:8      | Identified the +4 halberd "Giantslayer" {flame, *Corrode
                  | rPois rF- Str+9}
  7193 | D:8      | Reached skill level 14 in Unarmed Combat
  7360 | D:8      | Noticed Gastronok
  7451 | D:8      | Learned a level 3 spell: Mephitic Cloud
  7684 | D:9      | Noticed a two-headed ogre
  7746 | D:9      | Noticed Erica
  7757 | D:9      | Killed Erica
  8161 | D:9      | Noticed Harold
  8166 | D:9      | Killed Harold
  8182 | D:9      | Reached skill level 15 in Unarmed Combat
  8314 | D:9      | Killed a two-headed ogre
  8763 | D:10     | Entered Level 10 of the Dungeon
  8789 | D:10     | Found a staircase to the Orcish Mines.
  8807 | D:10     | Noticed Snorg
  8823 | D:10     | Killed Snorg
  8826 | D:10     | Identified the +1 leather armour "Nuikk" {Int+6}
  8917 | D:10     | Found a staircase to the Lair.
  8954 | D:10     | Reached XP level 11. HP: 47/81 MP: 10/14
  8963 | D:10     | Reached skill level 16 in Unarmed Combat
  9123 | D:10     | Noticed a two-headed ogre
  9145 | D:10     | Killed a two-headed ogre
  9265 | D:10     | Noticed Maurice
  9287 | D:10     | Noticed Josephine
  9304 | D:10     | Killed Josephine
  9323 | D:10     | Killed Maurice
  9333 | D:10     | Slain by a wraith

Illustrated notes

Levels and vault maps discovered:
D:1:      sevenhm_arrival_forest_fort_small_2, layout_rooms,
          minmay_misc_feat_encased
D:2:      minmay_razor_zed, layout_rooms, basic_altar, uniq_crazy_yiuf_cottage
D:3:      layout_rooms, fountainhead
D:4:      layout_loops_ring, zin_scriptorium, mainiacjoe_overflow_brackets,
          old_standard_altar
D:5:      layout_rooms, okawaru_gym_becter, nicolae_vehumet_altar_sigil,
          ashenzari_conservatory_becter, hangedman_decor_growths,
          grunt_decor_clamped, minmay_between
D:6:      layout_basic, grunt_temple_overflow_opulence,
          minmay_temple_entry_arrows, serial_shops, shop, minmay_misc_feat_doors
D:7:      layout_rooms
D:8:      layout_basic, lemuel_doored_altar, nicolae_overflow_two_pavilions,
          nicolae_water_bricks, minmay_radiant, uniq_gastronok, uniq_pikel,
          uniq_psyche, uniq_joseph, uniq_amaemon
D:9:      layout_small_grid, gammafunk_temple_overflow_wave, uniq_erica,
          uniq_harold
D:10:     layout_loops_ring, lair_entry_dummy, orc_0_dummy, uniq_snorg,
          uniq_maurice, uniq_josephine

Skill      XL: |  1  2  3  4  5  6  7  8  9 10 11 |
---------------+----------------------------------+-----
Unarmed Combat | 2 3 4 5 6 7 9 12 13 15 16 | 16.5
Fighting       | 4 |  4.0
Dodging        | |  1.8
Stealth        | |  4.5

Action                     |  1- 3 |  4- 6 |  7- 9 | 10-12 || total
---------------------------+-------+-------+-------+-------++-------
  Melee: Unarmed           |   217 |   143 |   235 |   176 ||   771
         Punch             |     7 |     4 |     8 |    18 ||    37
         Whip              |       |     5 |       |     4 ||     9
   Fire: Sling             |    23 |       |    18 |       ||    41
         Arbalest          |       |       |       |    26 ||    26
  Throw: Dart              |       |    16 |    20 |     7 ||    43
         Boomerang         |       |     3 |     4 |     8 ||    15
         Throwing net      |       |       |       |     1 ||     1
   Cast: Summon Small Mamm |       |     9 |     1 |     1 ||    11
  Evoke: Wand              |       |     9 |       |     2 ||    11
         Phantom mirror    |       |       |       |     1 ||     1
    Use: Potion            |       |     3 |     3 |     1 ||     7
         Scroll            |       |     2 |    10 |       ||    12
   Stab: Sleeping          |     4 |     1 |     4 |       ||     9
         Distracted        |       |     1 |       |       ||     1
         Paralysed         |       |       |       |     2 ||     2
         Held in net/web   |       |       |       |     1 ||     1
 Armour: Leather armour    |    64 |    54 |    15 |       ||   133
         Scale mail        |       |       |    86 |    47 ||   133
  Dodge: Dodged            |   141 |    84 |   129 |    59 ||   413

Table legend: (Time is in decaauts)
 A = Elapsed time spent in this place.
 B = Non-inter-level travel time spent in this place.
 C = Inter-level travel time spent in this place.
 D = Time resting spent in this place.
 E = Time spent auto-exploring this place.
 F = Levels seen in this place.
 G = Mean time per level.
                   A        B        C        D        E       F      G
               +--------+--------+--------+--------+--------+-----+--------+
         Total |   9255 |   8862 |    393 |   1225 |   5020 |  10 |  925.5 |
       Dungeon |   9255 |   8862 |    393 |   1225 |   5020 |  10 |  925.5 |
               +--------+--------+--------+--------+--------+-----+--------+

Top non-repeatable levels by time:
     D:4: 1424 daAuts
     D:8: 1309 daAuts
     D:9: 1038 daAuts
     D:6: 932 daAuts
     D:7: 924 daAuts
     D:5: 887 daAuts
     D:2: 787 daAuts
     D:3: 781 daAuts
     D:1: 614 daAuts
    D:10: 555 daAuts
